 Dungeon Crawl Stone Soup version 0.18-a0-1267-gff090c1 (webtiles) character file.

124578 Duffy the Bludgeoner (level 16, 122/122 HPs)
             Began as a Mummy Gladiator on Feb 5, 2016.
             Was the Champion of Cheibriados.
             Quit the game on level 15 of the Dungeon on Feb 6, 2016.
             The game lasted 00:47:55 (40114 turns).

Duffy the Bludgeoner (Mummy Gladiator)             Turns: 40114, Time: 00:47:55

Health: 122/122    AC: 29    Str: 43    XL:     16   Next: 39%
Magic:  7/7        EV: 19    Int: 26    God:    Cheibriados [******]
Gold:   652        SH:  0    Dex: 27    Spells: 0 memorised, 15 levels left

rFire  + . .     SeeInvis .     a - +4 great mace (antimagic)
rCold  + . .     Gourm    .     x - +4 plate armour {rF+}
rNeg   + + +     Faith    +     (shield currently unavailable)
rPois  ∞         Spirit   .     k - +1 helmet
rElec  +         Dismiss  .     B - +0 cloak
rCorr  .         Reflect  .     G - +2 pair of gloves {Dex+3}
SustAt .         Harm     .     N - +2 pair of boots of Valour {rC+ Slay+2 Stlth+}
MR     +++++                    m - amulet "Kostri" {Faith rElec MR+++ Int+2 Dex-3}
Stlth  ..........               e - ring of fire
                                O - +4 ring of strength

@: very slow, almost entirely resistant to hostile enchantments, extremely
unstealthy
A: no food or potions, fire vulnerability, cold resistance 1, negative energy
resistance 3, torment resistance, unbreathing, in touch with death 1, restore
body
a: Self-Restoration, Bend Time, Temporal Distortion, Slouch, Step From Time,
Renounce Religion


You were on level 15 of the Dungeon.
You worshipped Cheibriados.
Cheibriados was exalted by your worship.
You were not hungry.

You visited 3 branches of the dungeon, and saw 25 of its levels.

You collected 2659 gold pieces.
You spent 2007 gold pieces at shops.


Innate Abilities, Weirdness & Mutations

You do not eat or drink.
Your flesh is vulnerable to fire.
You are immune to poison.
Your flesh is cold resistant.
You are immune to negative energy.
You are immune to unholy pain and torment.
You can survive without breathing.
You are in touch with the powers of death.
You can restore your body by infusing magical energy.


   Skills:
 - Level 10.2 Fighting
 * Level 15.2(15.9) Maces & Flails
   Level 8.2(12.7) Staves
 - Level 1.5 Throwing
 + Level 10.5 Armour
 + Level 9.7 Dodging
 - Level 8.0 Invocations
 - Level 5.2 Evocations


You had 15 spell levels left.
You didn't know any spells.

Inventory:

Hand Weapons
 a - a +4 antimagic great mace (weapon)
 l - a +0 blowgun
Missiles
 c - 11 curare-tipped needles
 d - 10 throwing nets (quivered)
 g - 52 poisoned needles
 u - 10 silver tomahawks
Armour
 k - a +1 helmet (worn)
 x - a +4 plate armour of fire resistance (worn)
 B - a +0 cloak (worn)
 G - a +2 pair of gloves of dexterity (worn)
 N - the +2 pair of boots of Valour (worn) {rC+ Slay+2 Stlth+}

   It affects your accuracy and damage with ranged weapons and melee attacks
   (+2).
   It protects you from cold.
   It makes you more stealthy.
Jewellery
 e - a ring of fire (right hand)
 i - an uncursed ring of flight
 m - the amulet "Kostri" (around neck) {Faith rElec MR+++ Int+2 Dex-3}

   [amulet of faith]

   It allows you to gain divine favour quickly.
   It affects your intelligence (+2).
   It affects your dexterity (-3).
   It insulates you from electricity.
   It affects your resistance to hostile enchantments.
 n - an uncursed ring of protection from cold
 r - an uncursed ring of sustain attributes
 v - an uncursed ring of resist corrosion
 O - a +4 ring of strength (left hand)
Wands
 w - a wand of digging (13/24)
 y - a wand of confusion (16/48)
 E - a wand of iceblast (8/15)
 F - a wand of paralysis (20/24)
 H - a wand of heal wounds (3/9)
 I - a wand of teleportation (7/9)
 L - a wand of digging (2/24)
 Q - a wand of disintegration (18/24)
Scrolls
 b - 2 scrolls of torment
 h - 16 scrolls of remove curse
 j - 4 scrolls of immolation
 p - a scroll of blinking
 q - 2 scrolls of vulnerability
 s - 3 scrolls of amnesia
 t - 4 scrolls of recharging
 z - a scroll of noise
 A - 2 scrolls of silence
 C - 5 scrolls of magic mapping
 D - 4 scrolls of teleportation
 J - 2 scrolls of fog
Miscellaneous
 f - a fan of gales
 o - a box of beasts

Dungeon Overview and Level Annotations

Branches:
Dungeon (15/15)            Temple (0/1) D:4            Lair (8/8) D:11
 Shoals (0/4) Lair:5        Snake (0/4) Lair:5        Slime (0/6) Lair:8
    Orc (2/2) D:11            Elf (0/3) Orc:2        Vaults (0/5) D:13
 Depths (0/5) D:15

Altars:
Ashenzari
Cheibriados
Dithmenos
Fedhas
Gozag
Kikubaaqudgha
Makhleb
Nemelex Xobeh
Pakellas
Qazlal
Ru
Sif Muna
Trog
Vehumet
Xom
Yredelemnul
Zin
Beogh

Shops:
D:4 [[[=   D:6 [   D:10 *   Orc:1 !   Orc:2 =[!%

Annotations:
Lair:2 exclusion: oklob plant


Message History

No target in view!
An ogre comes into view. It is wielding a giant spiked club.
Things that are here:
a giant club; an ogre corpse An ogre is nearby!
The ogre misses you.
You bludgeon the ogre!!
You kill the ogre!
Cheibriados appreciates the change of pace.
No target in view!
No target in view!
No target in view!
No target in view!
No target in view!
No target in view!
No target in view!
No target in view!
No target in view!
No target in view!
Items here: %% )) [ a dire flail of crushing; a giant club; a robe; a two-headed ogre corpse an ogre corpse
Things that are here:
a giant spiked club; an ogre corpse Done exploring.
Done exploring.
Done exploring.
Save game and exit?
Welcome back, Duffy the Mummy Gladiator.
Cheibriados says: Take it easy.
Press ? for a list of commands and other information.
Wield which item (- for none, * to show all)? (? for menu, Esc to quit)
Okay, then.
Done exploring.
Are you sure you want to abandon this character and quit the game? (Confirm with "yes".)

##......#.....##...# #.#
.##.....#....##...(# #.#
..##...%#...##...))# #.#
...##...#..##......# #.# ###
.[..##..#.##.....))# #.# #..
.....######........########.###.#
......#...'...............%.....#
#######._.#######...........#####
......#...#.....@....#.##.###
......######...........##.#
.....##.#..##........####.#
....##..#...##...##### #.#######
...##...#....##..# #....!...
..##....#.....##.# #########
.##.....#..!...###
##......#.......#
............#####


There were no monsters in sight!

Action                   |  1- 3 |  4- 6 |  7- 9 | 10-12 | 13-15 | 16-18 || total
-------------------------+-------+-------+-------+-------+-------+-------++-------
Melee: Quarterstaff      |   121 |   182 |   185 |       |       |       ||   488
       Whip              |       |       |   202 |   838 |  1888 |       ||  2928
       Morningstar       |       |       |       |   127 |       |       ||   127
       Great mace        |       |       |       |       |   182 |   270 ||   452
Invok: Slouch            |       |       |       |     3 |    21 |     1 ||    25
Evoke: Wand              |       |       |       |       |     6 |       ||     6
  Use: Scroll            |       |     3 |     5 |     7 |    20 |     2 ||    37
 Stab: Sleeping          |     3 |       |       |       |       |       ||     3
       Distracted        |       |       |       |       |     1 |     1 ||     2

Notes
Turn   | Place    | Note
--------------------------------------------------------------
     0 | D:1      | Duffy the Mummy Gladiator began the quest for the Orb.
     0 | D:1      | Reached XP level 1. HP: 16/16 MP: 1/1
   235 | D:1      | Reached XP level 2. HP: 20/22 MP: 2/2
   291 | D:1      | Reached skill level 3 in Staves
  1292 | D:2      | Found a shadowy altar of Dithmenos.
  1359 | D:2      | Found a stormy altar of Qazlal.
  1440 | D:2      | Reached XP level 3. HP: 22/27 MP: 3/3
  1507 | D:2      | Found a burning altar of Makhleb.
  1937 | D:2      | Found a blossoming altar of Fedhas.
  1997 | D:3      | Noticed Robin
  2014 | D:3      | Killed Robin
  2345 | D:3      | Found a snail-covered altar of Cheibriados.
  2346 | D:3      | Found a sparkling altar of Nemelex Xobeh.
  2363 | D:4      | Reached skill level 4 in Staves
  2513 | D:3      | Reached XP level 4. HP: 29/33 MP: 4/4
  2805 | D:4      | Found Qisuogh's Armour Shoppe.
  2861 | D:3      | Found a blossoming altar of Fedhas.
  2862 | D:3      | Became a worshipper of Cheibriados the Contemplative
  3068 | D:3      | Reached XP level 5. HP: 12/38 MP: 5/5
  3759 | D:4      | Found a staircase to the Ecumenical Temple.
  3808 | D:5      | Entered Level 5 of the Dungeon
  3838 | D:6      | Reached skill level 5 in Staves
  4538 | D:5      | Reached XP level 6. HP: 27/44 MP: 6/6
  4806 | D:4      | Reached * piety under Cheibriados
  4902 | D:4      | Reached skill level 6 in Staves
  5173 | D:4      | Found Biatur's Armour Shoppe.
  5175 | D:4      | Found Epiutis's Armour Shop.
  5181 | D:4      | Bought a +0 pair of boots for 63 gold pieces
  5257 | D:4      | Found Fiaral's Jewellery Boutique.
  5453 | D:4      | Found an opulent altar of Gozag.
  5757 | D:5      | Found an ancient bone altar of Kikubaaqudgha.
  5885 | D:5      | Reached XP level 7. HP: 50/50 MP: 7/7
  6027 | D:5      | Reached skill level 1 in Armour
  6396 | D:5      | Found an oddly glowing altar of Pakellas.
  6442 | D:5      | Reached skill level 7 in Staves
  6857 | D:5      | Reached ** piety under Cheibriados
  6857 | D:5      | Reached skill level 2 in Armour
  7315 | D:6      | Reached skill level 3 in Armour
  7331 | D:6      | Reached XP level 8. HP: 56/56 MP: 8/8
  7412 | D:6      | Noticed Pikel
  7435 | D:6      | Killed Pikel
  7435 | D:6      | Reached skill level 8 in Staves
  7435 | D:6      | Reached skill level 4 in Armour
  7519 | D:6      | Reached skill level 1 in Maces & Flails
  7525 | D:6      | Reached skill level 2 in Maces & Flails
  7769 | D:6      | Reached *** piety under Cheibriados
  7781 | D:6      | Reached skill level 3 in Maces & Flails
  7781 | D:6      | Reached XP level 9. HP: 50/61 MP: 9/9
  7890 | D:6      | Found a bloodstained altar of Trog.
  7968 | D:6      | Reached skill level 5 in Armour
  8128 | D:6      | Reached skill level 4 in Maces & Flails
  8432 | D:6      | Found Wocan's Antique Armour Emporium.
  8718 | D:6      | Reached skill level 3 in Fighting
  8948 | D:7      | Got a warped bardiche
  8949 | D:7      | Identified the cursed +3 bardiche "Mubougom" {venom, MR+ Int+2 SInv} (You found it on level 7 of the Dungeon)
  8977 | D:7      | Reached **** piety under Cheibriados
  9158 | D:7      | Noticed Crazy Yiuf
  9165 | D:7      | Killed Crazy Yiuf
  9165 | D:7      | Reached skill level 4 in Fighting
  9312 | D:7      | Noticed Menkaure
  9315 | D:7      | Noticed Duvessa
  9316 | D:7      | Noticed Dowan
  9320 | D:7      | Killed Menkaure
  9321 | D:7      | Noticed Prince Ribbit
  9331 | D:7      | Killed Duvessa
  9353 | D:8      | Reached skill level 5 in Maces & Flails
  9576 | D:8      | Killed Prince Ribbit
  9576 | D:8      | Reached skill level 5 in Fighting
  9625 | D:7      | Killed Dowan
  9874 | D:7      | Reached XP level 10. HP: 76/76 MP: 10/10
 10103 | D:8      | Noticed Joseph
 10109 | D:8      | Killed Joseph
 10109 | D:8      | Reached skill level 6 in Maces & Flails
 10109 | D:8      | Reached skill level 1 in Invocations
 10170 | D:8      | Reached skill level 2 in Invocations
 10259 | D:8      | Found a glowing silver altar of Zin.
 10275 | D:8      | Found a radiant altar of Vehumet.
 10320 | D:8      | Reached ***** piety under Cheibriados
 10436 | D:8      | Found a sacrificial altar of Ru.
 10671 | D:8      | Reached skill level 3 in Invocations
 10675 | D:8      | Found a sparkling altar of Nemelex Xobeh.
 11148 | D:9      | Found a basalt altar of Yredelemnul.
 11619 | D:9      | Found a deep blue altar of Sif Muna.
 11686 | D:9      | Reached skill level 7 in Maces & Flails
 11745 | D:9      | Reached skill level 4 in Invocations
 12280 | D:10     | Entered Level 10 of the Dungeon
 12380 | D:10     | Found Caocytog's General Store.
 12387 | D:10     | Reached skill level 5 in Invocations
 12459 | D:10     | Reached ****** piety under Cheibriados
 13177 | D:4      | Bought the +2 pair of boots of Valour {rC+ Slay+2 Stlth+} for 516 gold pieces
 13322 | D:11     | Noticed a hill giant
 13324 | D:11     | Reached XP level 11. HP: 81/81 MP: 15/15
 13335 | D:11     | Noticed Harold
 13335 | D:11     | Killed a hill giant
 13335 | D:11     | Reached skill level 8 in Maces & Flails
 13335 | D:11     | Reached skill level 6 in Invocations
 13350 | D:11     | Killed Harold
 13944 | D:11     | Reached skill level 7 in Invocations
 14409 | D:11     | Reached skill level 9 in Maces & Flails
 14416 | D:11     | Found a roughly hewn altar of Beogh.
 14416 | D:11     | Found a staircase to the Orcish Mines.
 14445 | D:11     | Noticed an orc knight
 14708 | D:11     | Noticed a hill giant
 14717 | D:11     | Killed a hill giant
 14770 | D:11     | Reached skill level 8 in Invocations
 14820 | D:11     | Found a staircase to the Lair.
 14989 | D:11     | Killed an orc knight
 14989 | D:11     | Reached skill level 6 in Fighting
 15120 | D:11     | Noticed a hill giant
 15128 | D:11     | Killed a hill giant
 15128 | D:11     | Reached skill level 3 in Dodging
 15280 | D:11     | Noticed a centaur warrior
 15285 | D:11     | Killed a centaur warrior
 15369 | D:11     | Reached XP level 12. HP: 72/89 MP: 18/18
 15689 | D:11     | Noticed a centaur warrior
 15742 | Lair:1   | Entered Level 1 of the Lair of Beasts
 15869 | Lair:1   | Noticed a five-headed hydra
 15905 | Lair:1   | Killed a five-headed hydra
 15905 | Lair:1   | Reached skill level 10 in Maces & Flails
 16521 | Lair:1   | Reached skill level 7 in Fighting
 16521 | Lair:1   | Reached skill level 6 in Armour
 17073 | Lair:1   | Reached skill level 4 in Dodging
 17814 | Lair:2   | Found a shimmering altar of Xom.
 19013 | Lair:3   | Noticed Sonja
 19014 | Lair:3   | Noticed an eight-headed hydra
 19014 | Lair:3   | Killed Sonja
 19019 | Lair:3   | Killed an eight-headed hydra
 19019 | Lair:3   | Reached skill level 11 in Maces & Flails
 19644 | Lair:4   | Reached skill level 5 in Dodging
 19659 | Lair:4   | Reached skill level 8 in Fighting
 19993 | Lair:4   | Gained mutation: You are in touch with the powers of death. [Mummy growth]
 19993 | Lair:4   | Gained mutation: You can restore your body by infusing magical energy. [Mummy growth]
 19993 | Lair:4   | Reached XP level 13. HP: 92/98 MP: 19/19
 20710 | Lair:4   | Reached skill level 7 in Armour
 21686 | Lair:5   | Found a staircase to the Shoals.
 22029 | Lair:5   | Found a staircase to the Snake Pit.
 22582 | Lair:6   | Reached skill level 6 in Dodging
 22756 | Lair:6   | Reached skill level 1 in Evocations
 23058 | Lair:6   | Reached skill level 2 in Evocations
 23064 | Lair:7   | Reached skill level 3 in Evocations
 23145 | Lair:8   | Entered Level 8 of the Lair of Beasts
 23264 | Lair:8   | Reached skill level 4 in Evocations
 23562 | Lair:8   | Reached skill level 5 in Evocations
 23573 | Lair:8   | Found a staircase to the Slime Pits.
 23874 | Lair:8   | Reached skill level 9 in Fighting
 23874 | Lair:8   | Reached skill level 12 in Maces & Flails
 23968 | Lair:8   | Reached XP level 14. HP: 63/108 MP: 20/20
 24994 | Lair:8   | Got a clouded brass amulet
 24997 | Lair:8   | Identified the amulet "Alaneb" {Dismiss *Contam Str+6} (You found it on level 8 of the Lair of Beasts)
 25335 | Lair:8   | Reached skill level 8 in Armour
 25645 | Lair:8   | Reached skill level 7 in Dodging
 25959 | Lair:7   | Reached skill level 10 in Fighting
 26951 | Lair:8   | Reached skill level 13 in Maces & Flails
 28898 | Lair:6   | Reached XP level 15. HP: 107/115 MP: 21/21
 30221 | Orc:1    | Entered Level 1 of the Orcish Mines
 30388 | Orc:1    | Found a roughly hewn altar of Beogh.
 30479 | Orc:1    | Reached skill level 9 in Armour
 30671 | Orc:2    | Entered Level 2 of the Orcish Mines
 30675 | Orc:1    | Found Vomile's Distillery.
 31102 | Orc:2    | Found a staircase to the Elven Halls.
 31184 | Orc:2    | Noticed an orc warlord
 31199 | Orc:2    | Killed an orc warlord
 31199 | Orc:2    | Reached skill level 8 in Dodging
 32327 | Orc:2    | Reached skill level 14 in Maces & Flails
 32950 | Orc:2    | Found Gapt's Jewellery Shop.
 32951 | Orc:2    | Found a roughly hewn altar of Beogh.
 32957 | Orc:2    | Found Avairere's Armour Boutique.
 32958 | Orc:2    | Found Eboy's Distillery.
 32959 | Orc:2    | Found Xepyski's Food Shoppe.
 33214 | Orc:2    | Noticed an orc warlord
 33237 | Orc:2    | Killed an orc warlord
 34138 | Orc:1    | Found a roughly hewn altar of Beogh.
 34789 | Orc:2    | Bought the amulet "Kostri" {Faith rElec MR+++ Int+2 Dex-3} for 694 gold pieces
 35344 | D:4      | Bought a +1 plate armour of fire resistance for 455 gold pieces
 35563 | Orc:2    | Bought a +2 pair of gloves of dexterity for 279 gold pieces
 36406 | D:12     | Noticed Gagarin's ghost (journeyman MiGl)
 36415 | D:12     | Killed Gagarin's ghost
 36486 | D:12     | Found a sparkling altar of Nemelex Xobeh.
 37055 | D:13     | Reached skill level 9 in Dodging
 37191 | D:13     | Found a gate to the Vaults.
 37262 | D:13     | Reached skill level 10 in Armour
 37910 | D:14     | Found a stormy altar of Qazlal.
 37940 | D:14     | Reached XP level 16. HP: 93/122 MP: 7/22
 39041 | D:15     | Entered Level 15 of the Dungeon
 39120 | D:15     | Reached skill level 15 in Maces & Flails
 39171 | D:15     | Found a shattered altar of Ashenzari.
 39678 | D:15     | Found a staircase to the Depths.
 40114 | D:15     | Upgraded the game from 0.18-a0-1243-g9e52518 to 0.18-a0-1267-gff090c1
 40114 | D:15     | Quit the game

Vault maps used:
D:1:      saegor_arrival_simple_b
D:2:      nicolae_overflow_crystal_walls, lemuel_doored_altar,
          nicolae_dithmenos_through_a_glass_darkly, fedhas_altar_2
D:3:      nicolae_overflow_hidden_temple, first_bread, uniq_robin
D:4:      grunt_gozag_breadcrumbs, lemuel_temple_firewalk_marked, serial_shops,
          kennysheep_mini, nicolae_shop_waterfront, shop, shop,
          kennysheep_generic_room_15
D:5:      kennysheep_mini_moat, lemuel_coloured_pillars_altar
D:6:      trog_eyes_of_draining, serial_shops, kennysheep_little_box, uniq_pikel
D:7:      the_bakery, uniq_menkaure, uniq_prince_ribbit1, uniq_duvessa,
          uniq_crazy_yiuf_cottage
D:8:      lemuel_crystal_altar, nicolae_ru_path_of_blood, basic_altar,
          serial_curves, eino_curves_01, eino_curves_03, eino_curves_03,
          eino_curves_03, nemelex_dance_club_becter, uniq_joseph
D:9:      led_sif_pool, lemuel_zombie_altar_yredelemnul
D:10:     serial_shops, shop
D:11:     kennysheep_windowed_halls, lair_0_dummy, david_orc_5, nicolae_wwwww,
          uniq_harold
D:12:     serial_column_ruins, column_ruins_temple_hall,
          column_ruins_hut_ruined, column_ruins_open_small,
          column_ruins_open_small_water, column_ruins_columns_straight,
          column_ruins_columns_straight, column_ruins_open_small
D:13:     david_vaults_1, spider_trap, serial_bayou_lake_a
D:14:     serial_glass, glass_columns_a, glass_columns_b, glass_columns_a,
          grunt_ministairs_9, grunt_qazlal_sundering
D:15:     hangedman_depths_entry_try_elsewhere_first,
          nicolae_ashenzari_panopticon
Lair:2:   lemuel_oklob_altar, serial_bayou_shore_b, grunt_megastairs_3
Lair:3:   uniq_sonja
Lair:4:   nicolae_quartered_pool_medium
Lair:5:   minmay_shoals_entry_centaurs, minmay_snake_entry_guardpost_small
Lair:6:   serial_bayou_shore_a, grunt_megastairs_4
Lair:8:   hangedman_lair_caniforms_friends, hangedman_lair_tendril_chambers,
          nicolae_slime_entry_slimehenge
Orc:1:    basic_altar, serial_shops, nicolae_shop_competitors_out_of_business,
          minmay_orc_temple_b
Orc:2:    st_orc_open, mines2_david

Vanquished Creatures
  2 orc warlords
  2 ettins
  The ghost of Gagarin the Nimble, a journeyman MiGl of Qazlal Harold
  2 catoblepae
  12 hydras
  4 ogre magi
  5 centaur warriors
  8 death yaks
  An orc high priest
  A tengu warrior Sonja
  2 unseen horrors
  2 deep trolls
  2 deep elf magi Pikel
  12 hill giants
  4 orc knights
  2 griffons
  A necromancer
  4 orc sorcerers
  6 cyclopes
  13 ugly things
  2 wolf spiders
  8 black mambas
  A guardian serpent
  20 elephants
  3 centaur zombies Joseph
  27 spiny frogs
  A gargoyle
  An efreet
  8 komodo dragons
  A tengu conjurer
  A fire drake
  A freezing wraith
  14 trolls
  9 polar bears
  A harpy zombie
  12 two-headed ogres
  A boulder beetle Prince Ribbit
  15 blink frogs
  2 raiju
  8 slime creatures
  A redback (shapeshifter)
  A shadow
  2 redbacks
  30 yaks
  A spriggan
  4 wyverns
  3 basilisks
  12 hippogriffs
  5 hungry ghosts
  3 vampire mosquitoes
  25 wolves Menkaure
  3 nagas
  16 wargs
  28 water moccasins
  10 porcupines Duvessa
  36 orc warriors
  3 hell hounds
  3 slaves
  7 ice beasts
  5 sky beasts
  21 centaurs
  6 wasps
  16 black bears
  4 phantoms
  4 boggarts
  A necrophage
  34 ogres
  An eye of draining
  21 crocodiles
  2 big kobolds
  27 giant frogs
  A gnoll sergeant Dowan
  2 wyvern skeletons
  5 scorpions
  18 killer bees
  10 electric eels
  13 wights
  9 crimson imps
  A quasit
  A giant frog zombie
  10 jellies
  2 giant frog skeletons Crazy Yiuf
  6 centaur skeletons
  2 gnoll shamans
  32 orc priests
  15 hounds
  8 iguanas
  36 orc wizards
  25 worker ants
  18 sheep
  A hound skeleton
  4 worker ant zombies Robin
  16 gnolls
  20 adders
  98 river rats
  2 shadow imps
  4 oozes
  2 adder zombies
  3 worms
  7 giant geckos
  112 orcs
  4 giant cockroaches
  10 goblins
  5 hobgoblins
  7 jackals
  3 quokkas
  4 ball pythons
  6 bats
  A giant gecko skeleton
  5 giant newts
  2 gnoll zombies
  16 kobolds
  A quokka zombie
  10 rats
  3 bushes
  60 fungi
  61 plants
1248 creatures vanquished.
